 Dungeon Crawl Stone Soup version 0.28-a0-535-g6f645e4c1d (webtiles) character file.

Game seed: 17295307229861912598

234 knot the Chopper (level 5, 0/41 HPs)
             Began as a Demonspawn Berserker on Sept 27, 2021.
             Was a Believer of Trog.
             Slain by a hornet (2 damage)
             ... while paralysed by a hornet
             ... on level 4 of the Dungeon.
             The game lasted 00:05:13 (2654 turns).

knot the Chopper (Demonspawn Berserker)             Turns: 2654, Time: 00:05:14

Health: 0/41       AC:  6    Str: 17    XL:     5   Next: 75%
Magic:  5/5        EV:  2    Int:  9    God:    Trog [**....]
Gold:   152        SH:  0    Dex: 13    Spells: 4/4 levels left

rFire   . . .      SeeInvis .   a - +0 hand axe
rCold   . . .      Faith    +   (no shield)
rNeg    . . .      Spirit   .   h - +0 ring mail
rPois   .          Reflect  .   (no helmet)
rElec   .          Harm     .   (no cloak)
rCorr   .          Rampage  .   (no gloves)
Will    ++...                   n - +0 pair of boots
Stlth   +.........              b - amulet of faith
HPRegen 1.13/turn               (no ring)
MPRegen 0.18/turn               (no ring)

@: paralysed, lethally poisoned (0 -> -1), strong-willed, regenerating, slowed
A: powered by death 1, magic regeneration
a: Renounce Religion, Berserk, Trog's Hand


You were on level 4 of the Dungeon.
You worshipped Trog.
Trog was pleased with you.
You visited 1 branch of the dungeon, and saw 4 of its levels.

You collected 152 gold pieces.

Inventory:

Hand Weapons
 a - a +0 hand axe (weapon)
Missiles
 g - 86 stones
 j - 8 javelins
 p - 6 poisoned darts (quivered)
Armour
 h - a +0 ring mail (worn)
 l - a +0 pair of boots
 n - a +0 pair of boots (worn)
Jewellery
 b - an amulet of faith (around neck)
Scrolls
 c - a scroll of magic mapping {unknown}
 d - a scroll of enchant armour {unknown}
 f - 3 scrolls of identify {unknown}
 k - a scroll of fear {unknown}
 m - a scroll of blinking {unknown}
 o - a scroll of teleportation {unknown}
Potions
 e - a potion of degeneration {unknown}
 i - a potion of curing


   Skills:
 - Level 3.0 Fighting
 * Level 4.8 Axes
 * Level 3.2 Throwing
 - Level 1.7 Armour
 - Level 1.7 Dodging


You had 4 spell levels left.
You didn't know any spells.
Your spell library contained the following spells:

 Spells                   Type           Power      Damage    Failure   Level
 Sandblast                Erth           0%         2d4       58%         1
 Passwall                 Tmut/Erth      0%         N/A       73%         2
 Stone Arrow              Conj/Erth      0%         3d7       91%         3


Dungeon Overview and Level Annotations

Branches:
Dungeon (4/15)
 Temple: D:4-7

Altars:


Innate Abilities, Weirdness & Mutations

You regenerate a little health from kills.
You regenerate magic rapidly.


Message History

You climb downwards.
There is a stone staircase leading up here.
A hornet comes into view.
The hornet buzzes angrily.
Okay, then.
Throw: 7 darts (poison)
Press: ? - help, Q - select action, (/) - cycle Shift-Dir - straight line, f - hornet
Aim: a hornet (44% to hit)
You throw a poisoned dart. The poisoned dart hits the hornet.
The hornet is poisoned.
The hornet stings you!
You feel yourself slow down.
Your skin crawls.
You feel strong-willed. The hornet stings you!
You are poisoned.
You feel as though you will be slow longer.
The hornet stings you.
You are more poisoned.
You feel as though you will be slow longer.
The hornet stings you!
* * * LOW HITPOINT WARNING * * *
You feel as though you will be slow longer.
It was a potion of curing.
You feel better.
The hornet looks more healthy.
The hornet stings you.
* * * LOW HITPOINT WARNING * * *
You are poisoned.
You feel as though you will be slow longer.
The hornet stings you!
* * * LOW HITPOINT WARNING * * *
You are lethally poisoned!
You feel as though you will be slow longer.
You feel better.
The hornet stings you but does no damage.
The hornet stings you!
* * * LOW HITPOINT WARNING * * *
You are poisoned.
You suddenly lose the ability to move!
* * * LOW HITPOINT WARNING * * *
You feel sick. The hornet stings you.
You die...

###########
#........<#
#.#########
##.#######
#.........
#.........
#.........
#......!..
#@........
......y.........
#.#####.........
##########


You could see a hornet.

Vanquished Creatures
  Sigmund (D:2)
  2 adders (D:3)
  3 dart slugs
  2 orcs
  7 ball pythons
  3 endoplasms
  2 giant cockroaches
  9 goblins
  4 hobgoblins
  5 jackals (D:1)
  8 kobolds
  2 quokkas (D:1)
  3 bats
  A frilled lizard (D:2)
  A jackal skeleton (D:2)
  5 rats
58 creatures vanquished.

Notes
Turn   | Place    | Note
-------+----------+-------------------------------------------
     0 | D:1      | knot the Demonspawn Berserker began the quest for the Orb.
     0 | D:1      | Reached XP level 1. HP: 18/18 MP: 1/1
   147 | D:1      | Reached skill level 3 in Axes
   231 | D:1      | Gained mutation: You regenerate magic rapidly. [demonic
                  | ancestry]
   231 | D:1      | Reached XP level 2. HP: 16/24 MP: 2/2
   953 | D:1      | Reached skill level 1 in Throwing
  1105 | D:2      | Reached XP level 3. HP: 29/29 MP: 3/3
  1276 | D:2      | Reached ** piety under Trog
  1293 | D:2      | Noticed Sigmund
  1304 | D:2      | Killed Sigmund
  1305 | D:2      | Reached skill level 4 in Axes
  1305 | D:2      | Reached XP level 4. HP: 35/35 MP: 4/4
  1305 | D:2      | Gained mutation: You regenerate a little health from kills.
                  | [demonic ancestry]
  1305 | D:2      | Reached XP level 5. HP: 41/41 MP: 5/5
  2135 | D:3      | Found a faded altar of an unknown god.
  2649 | D:4      | Noticed a hornet
  2653 | D:4      | Paralysed by a hornet for 3 turns
  2654 | D:4      | HP: 2/41 [poisoned by a hornet]
  2654 | D:4      | Slain by a hornet

Illustrated notes

Levels and vault maps discovered:
D:1:      dpeg_arrival_yet_another_circle, layout_basic, hangedman_glass_teeth
D:2:      layout_rooms, minivault_25, minmay_bisected, uniq_sigmund
D:3:      layout_loops_corners, hellmonk_ecumenical_altar_pennies_from_heaven,
          minmay_misc_feat_doors, serial_park_tiny_2
D:4:      layout_basic, serial_shops, kennysheep_mini,
          minmay_fractal_squares_diagonal_5, uniq_ijyb

Skill      XL: |  1  2  3  4  5 |
---------------+----------------+-----
Axes           | 3 4 |  4.8
Throwing       | 1 2 3 |  3.2
Fighting       | |  3.0
Armour         | |  1.7
Dodging        | |  1.7

Action                   |  1- 3 |  4- 6 || total
-------------------------+-------+-------++-------
Melee: Hand axe          |    73 |    38 ||   111
Throw: Javelin           |    15 |    34 ||    49
       Dart              |       |     1 ||     1
Invok: Trog's Hand       |     1 |     1 ||     2
       Berserk           |     1 |       ||     1
  Use: Potion            |       |     2 ||     2
Armor: Animal skin       |     9 |       ||     9
       Ring mail         |     7 |    13 ||    20
Dodge: Dodged            |    49 |    23 ||    72

Table legend: (Time is in decaauts)
 A = Elapsed time spent in this place.
 B = Non-inter-level travel time spent in this place.
 C = Inter-level travel time spent in this place.
 D = Time resting spent in this place.
 E = Time spent auto-exploring this place.
 F = Levels seen in this place.
 G = Mean time per level.
                   A        B        C        D        E       F      G
               +--------+--------+--------+--------+--------+-----+--------+
         Total |   2691 |   2578 |    113 |     38 |   2137 |   4 |  672.8 |
       Dungeon |   2691 |   2578 |    113 |     38 |   2137 |   4 |  672.8 |
               +--------+--------+--------+--------+--------+-----+--------+

Top non-repeatable levels by time:
     D:1: 1112 daAuts
     D:3: 898 daAuts
     D:2: 659 daAuts
     D:4: 21 daAuts
